 Dungeon Crawl Stone Soup version 0.21.0-25-ge575cb9 (webtiles) character file.

80 teukkam the Skirmisher (level 4, -5/41 HPs)
             Began as a Gnoll Wanderer on Jan 12, 2018.
             Slain by an iron imp (11 damage)
             ... on level 2 of the Dungeon on Jan 23, 2018.
             The game lasted 00:07:34 (1706 turns).

teukkam the Skirmisher (Gnoll Wanderer)             Turns: 1706, Time: 00:07:34

Health: -5/41      AC:  3    Str: 14    XL:     4   Next: 39%
Magic:  6/6        EV: 13    Int: 14    God:
Gold:   96         SH:  0    Dex: 16    Spells: 5/5 levels left

rFire    . . .     SeeInvis .   a - +0 dagger
rCold    . . .     Gourm    .   (no shield)
rNeg     + . .     Faith    .   o - +0 leather armour
rPois    .         Spirit   .   (no helmet)
rElec    .         Reflect  .   (no cloak)
rCorr    .         Harm     .   (no gloves)
MR       .....                  (no boots)
Stlth    ++........             (no amulet)
HPRegen  0.13/turn              l - ring of positive energy
MPRegen  0.10/turn              (no ring)

@: no status effects
A: distributed training, fangs 1, strong nose
a: no special abilities


You were on level 2 of the Dungeon.
You were hungry.

You visited 1 branch of the dungeon, and saw 2 of its levels.

You collected 96 gold pieces.

Inventory:

Hand Weapons
 a - a +0 dagger (weapon)
 b - a +0 hand crossbow
Missiles
 d - 35 bolts
Armour
 f - a +0 robe
 o - a +0 leather armour (worn)
Jewellery
 l - a ring of positive energy (left hand)
Wands
 e - a wand of random effects (15)
Scrolls
 i - a scroll of teleportation {unknown}
 k - a scroll of blinking
 n - 2 scrolls of identify {unknown}
 r - a scroll of amnesia {unknown}
Potions
 h - a potion of brilliance {unknown}
 j - a potion of curing {unknown}
 m - 2 potions of agility {unknown}
 q - a potion of lignification {unknown}
Comestibles
 g - 4 rations


   Skills:
 + Level 6.6 Fighting
 + Level 1.1 Short Blades
 + Level 1.1 Long Blades
 + Level 1.1 Axes
 + Level 1.1 Maces & Flails
 + Level 1.1 Polearms
 + Level 1.1 Staves
 + Level 1.1 Slings
 + Level 1.1 Bows
 + Level 1.1 Crossbows
 + Level 2.7 Throwing
 + Level 4.6 Armour
 + Level 2.7 Dodging
 + Level 2.5 Stealth
 + Level 1.1 Shields
 + Level 2.7 Unarmed Combat
 + Level 1.1 Spellcasting
 + Level 0.8 Conjurations
 + Level 0.8 Hexes
 + Level 0.8 Charms
 + Level 0.8 Summonings
 + Level 0.8 Necromancy
 + Level 0.8 Translocations
 + Level 0.8 Transmutations
 + Level 0.8 Fire Magic
 + Level 0.8 Ice Magic
 + Level 0.8 Air Magic
 + Level 0.8 Earth Magic
 + Level 0.8 Poison Magic
 + Level 1.2 Invocations
 + Level 2.7 Evocations


You had 5 spell levels left.
You didn't know any spells.

Dungeon Overview and Level Annotations

Branches:
Dungeon (2/15)

Altars:
Makhleb


Innate Abilities, Weirdness & Mutations

Your experience applies equally to all skills.
You have very sharp teeth.
Your uncanny sense of smell can sniff out nearby items.


Message History

The iron imp is severely wounded.
You hit the iron imp but do no damage.
The iron imp is severely wounded.
The iron imp hits you.
You hit the iron imp but do no damage.
The iron imp is severely wounded.
The iron imp hits you!
You barely miss the iron imp.
The iron imp is severely wounded.
The iron imp hits you.
You hit the iron imp but do no damage.
The iron imp is severely wounded.
You hit the iron imp but do no damage.
The iron imp is severely wounded.
The iron imp hits you!
* * * LOW HITPOINT WARNING * * *
You hit the iron imp.
The iron imp is almost dead.
The iron imp hits you!
You die...

##.......#####....# #.
#.#.....#### ####.# #.
#####..#####≈#∩ #.###### #.
#........# #≈≈_ #......# ###
#..#####.# #≈≈( ########.# #..
#<.# ...#?≈. #...# #.# #.# #..#
####.( ##.#.# #.# ##.# #..# .#
#5##..#.# #.###... #..#####.#
#.@..##.# #....... #........#
#######.# ###.#.#. #.####..##
#.# #.##.# #.# #..# #.# #.####
#.####..# #.# #.#
#.......############.## #.#
#####.................#####.####
##..(...####..##..##........
#.###.## #..##..##.....##.


You could see an iron imp.

Vanquished Creatures
  3 adders (D:2)
  3 oozes (D:1)
  A dart slug (D:1)
  2 leopard geckos (D:1)
  A ball python (D:2)
  2 giant cockroaches (D:2)
  5 hobgoblins
  3 jackals (D:2)
  3 bats
  A frilled lizard (D:2)
  4 goblins
  4 kobolds
  4 rats
36 creatures vanquished.

Notes
Turn   | Place    | Note
-------+----------+-------------------------------------------
     0 | D:1      | teukkam the Gnoll Wanderer began the quest for the Orb.
     0 | D:1      | teukkam set off with: a scroll of blinking, a potion of heal wounds, a +0 hand crossbow, 22 bolts, a wand of random effects (15), a +0 robe, a ration
     0 | D:1      | Reached XP level 1. HP: 23/23 MP: 2/2
   117 | D:1      | Reached XP level 2. HP: 26/29 MP: 3/3
   306 | D:1      | Reached XP level 3. HP: 35/35 MP: 4/4
   652 | D:2      | Reached skill level 1 in Invocations
  1161 | D:2      | Reached skill level 1 in Short Blades
  1161 | D:2      | Reached skill level 1 in Long Blades
  1161 | D:2      | Reached skill level 1 in Axes
  1161 | D:2      | Reached skill level 1 in Maces & Flails
  1161 | D:2      | Reached skill level 1 in Polearms
  1161 | D:2      | Reached skill level 1 in Staves
  1161 | D:2      | Reached skill level 1 in Slings
  1161 | D:2      | Reached skill level 1 in Bows
  1161 | D:2      | Reached skill level 1 in Crossbows
  1161 | D:2      | Reached skill level 1 in Shields
  1161 | D:2      | Reached skill level 1 in Spellcasting
  1161 | D:2      | Reached XP level 4. HP: 28/41 MP: 4/6
  1350 | D:2      | Upgraded the game from 0.21.0-3-g78d12a8 to 0.21.0-25-ge575cb9
  1682 | D:2      | Found a burning altar of Makhleb.
  1706 | D:2      | Slain by an iron imp

Skill      XL: |  1  2  3 |
---------------+----------+-----
Invocations    | 1 |  1.2
Short Blades   | 1 |  1.1
Long Blades    | 1 |  1.1
Axes           | 1 |  1.1
Maces & Flails | 1 |  1.1
Polearms       | 1 |  1.1
Staves         | 1 |  1.1
Slings         | 1 |  1.1
Bows           | 1 |  1.1
Crossbows      | 1 |  1.1
Shields        | 1 |  1.1
Spellcasting   | 1 |  1.1
Fighting       | |  6.6
Throwing       | |  2.7
Armour         | |  4.6
Dodging        | |  2.7
Stealth        | |  2.5
Unarmed Combat | |  2.7
Conjurations   | |  0.8
Hexes          | |  0.8
Charms         | |  0.8
Summonings     | |  0.8
Necromancy     | |  0.8
Translocations | |  0.8
Transmutations | |  0.8
Fire Magic     | |  0.8
Ice Magic      | |  0.8
Air Magic      | |  0.8
Earth Magic    | |  0.8
Poison Magic   | |  0.8
Evocations     | |  2.7

Action                   |  1- 3 |  4- 6 || total
-------------------------+-------+-------++-------
Melee: Dagger            |   107 |    75 ||   182
       Bite              |    18 |    11 ||    29
       Punch             |     1 |     2 ||     3
 Fire: Hand crossbow     |     1 |     6 ||     7
  Use: Potion            |       |     1 ||     1
 Stab: Sleeping          |     6 |       ||     6
  Eat: Chunk             |     1 |     1 ||     2
Armor: Robe              |     6 |       ||     6
       Leather armour    |     8 |    20 ||    28
Dodge: Dodged            |    68 |    80 ||   148
